 Dungeon Crawl Stone Soup version 0.28-a0-297-g99b01970c5 (webtiles) character file.

Game seed: 15510245114156072366

225 MacCMillion the Chopper (level 6, 0/55 HPs)
             Began as a Hill Orc Cinder Acolyte on Aug 29, 2021.
             Was a High Priest of Ignis.
             Slain by an ogre (31 damage)
             ... on level 4 of the Dungeon.
             The game lasted 00:09:00 (3892 turns).

MacCMillion the Chopper (Hill Orc Cinder Acolyte)   Turns: 3892, Time: 00:09:00

Health: 0/55       AC:  6    Str: 18    XL:     6   Next: 1%
Magic:  8/8        EV: 11    Int: 15    God:    Ignis [*****.]
Gold:   128        SH:  0    Dex:  6    Spells: 7/8 levels left

rFire   + . .      SeeInvis .   a - -1 hand axe (flame)
rCold   . . .      Faith    .   (no shield)
rNeg    . . .      Spirit   .   c - +0 leather armour
rPois   .          Reflect  .   (no helmet)
rElec   .          Harm     .   n - +0 cloak
rCorr   .          Rampage  .   m - +0 pair of gloves
Will    .....                   r - +0 pair of boots
Stlth   +.........              (no amulet)
HPRegen 0.18/turn               (no ring)
MPRegen 0.11/turn               (no ring)

@: no status effects
A: no striking features
a: Renounce Religion, Sea of Fire, Foxfire Swarm, Rising Flame


You were on level 4 of the Dungeon.
You worshipped Ignis.
Ignis was extremely pleased with you.
You visited 1 branch of the dungeon, and saw 4 of its levels.

You collected 128 gold pieces.

Inventory:

Hand Weapons
 a - a -1 hand axe of flaming (weapon)
Missiles
 e - 5 poisoned darts
Armour
 b - a +0 robe
 c - a +0 leather armour (worn)
 m - a +0 pair of gloves (worn)
 n - a +0 cloak (worn)
 r - a +0 pair of boots (worn)
Magical Staves
 g - a staff of death
Jewellery
 j - an amulet of faith
 l - a ring of positive energy
 o - a +4 ring of protection
Scrolls
 h - a scroll of blinking {unknown}
 i - 2 scrolls of teleportation {unknown}
 k - 2 scrolls of enchant armour {unknown}
 p - a scroll of fear {unknown}
 q - a scroll of silence {unknown}
 s - a scroll of immolation {unknown}
Potions
 d - 2 potions of curing
 f - a potion of heal wounds {unknown}
 t - a potion of lignification {unknown}


   Skills:
 + Level 4.8 Fighting
 + Level 6.3 Axes
 - Level 1.5 Spellcasting
 + Level 1.9 Conjurations
 * Level 2.2 Fire Magic


You had 7 spell levels left.
You knew the following spells:

 Your Spells              Type           Power      Damage    Failure   Level
a - Foxfire               Conj/Fire      28%        2x1d5     12%         1

Your spell library contained the following spells:

 Spells                   Type           Power      Damage    Failure   Level
 Blink                    Tloc           N/A        N/A       38%         2
 Lesser Beckoning         Tloc           1%         N/A       63%         3
 Manifold Assault         Tloc           1%         N/A       100%        5


Dungeon Overview and Level Annotations

Branches:
Dungeon (4/15)
 Temple: D:4-7

Altars:
Ashenzari
Nemelex Xobeh

Annotations:
D:3 Grinder


Message History

You completely miss the hobgoblin.
The hobgoblin is severely wounded.
The hobgoblin misses you.
You slash the hobgoblin! You burn the hobgoblin.
You kill the hobgoblin!
The endoplasm freezes you.
You are frozen.
You have reached level 6!
Your experience leads to an increase in your attributes!
Increase (S)trength, (I)ntelligence, or (D)exterity?
You feel clever.
There is a stone staircase leading up here.
The endoplasm freezes you.
You are frozen.
You climb upwards.
Level annotation: Grinder
Found 4 gold pieces.
There is a stone staircase leading down here.
You hit the endoplasm but do no damage. The endoplasm hits you.
You hit the endoplasm. You burn the endoplasm.
You kill the endoplasm!
No target in view!
You start resting.
HP restored.
You climb downwards.
The ogre hits you with a +0 giant spiked club!
The ogre closely misses you.
There is a stone staircase leading up, spattered with blood here.
You hit the ogre. You burn the ogre.
The ogre is moderately wounded.
You slash the ogre! You burn the ogre.
The ogre is almost dead.
The ogre hits you with a +0 giant spiked club!!
Ouch! That really hurt!
* * * LOW HITPOINT WARNING * * *
There is a stone staircase leading up, spattered with blood here.
There is a stone staircase leading up, spattered with blood here.
The ogre hits you with a +0 giant spiked club!!
Ouch! That really hurt!
You die...

......# #.....#
#.......#
.##...###.....#
##..#.##.#
.......##.....#
#.....##.#
.......##.....#
#..#####.#
.##.#..##.....#
#..#####.#
.##.#..########
#........#
.##.#..######
#.########
............######.#
......#####.....@..#
###.#.#####.#####O.#
#......##.#####..#
###.##.##.##.....#
#.##.##.##.##.##
#..<.......##.#
#######.......#
#########


You could see an ogre.

Vanquished Creatures
  A scorpion (D:4)
  An orc priest (D:4)
  A jelly (D:4)
  4 adders
  3 worms
  3 dart slugs
  2 orcs
  6 ball pythons
  2 bats
  8 endoplasms
  3 giant cockroaches
  6 goblins
  2 hobgoblins
  2 jackals (D:4)
  3 kobolds
  A quokka (D:4)
  A frilled lizard (D:1)
  3 rats
52 creatures vanquished.

Notes
Turn   | Place    | Note
-------+----------+-------------------------------------------
     0 | D:1      | MacCMillion the Hill Orc Cinder Acolyte began the quest for
                  | the Orb.
     0 | D:1      | Reached XP level 1. HP: 19/19 MP: 2/2
   161 | D:1      | Reached XP level 2. HP: 27/27 MP: 3/3
   667 | D:2      | Reached skill level 5 in Axes
   902 | D:2      | Reached XP level 3. HP: 33/33 MP: 4/4
  1763 | D:3      | Reached XP level 4. HP: 37/40 MP: 5/5
  1830 | D:3      | Noticed Grinder
  1832 | D:3      | Paralysed by Grinder for 2 turns
  1948 | D:3      | Paralysed by Grinder for 4 turns
  2336 | D:3      | Paralysed by Grinder for 7 turns
  2746 | D:3      | Reached skill level 1 in Conjurations
  2903 | D:4      | Noticed a scorpion
  2914 | D:4      | Killed a scorpion
  2915 | D:4      | Reached skill level 6 in Axes
  2915 | D:4      | Reached XP level 5. HP: 13/47 MP: 5/7
  3257 | D:4      | Found a broken altar of Ashenzari.
  3505 | D:4      | Found a sparkling altar of Nemelex Xobeh.
  3643 | D:4      | Noticed an ogre
  3645 | D:4      | Noticed an orc warrior
  3676 | D:4      | Reached XP level 6. HP: 33/55 MP: 8/8
  3892 | D:4      | Slain by an ogre

Illustrated notes

Levels and vault maps discovered:
D:1:      psy_arrival_conway, layout_basic
D:2:      layout_basic, grunt_ministairs_8
D:3:      layout_loops_ring, item_on_display_a, uniq_grinder
D:4:      minmay_recursive_quarters, layout_loops_cross,
          mainiacjoe_overflow_small_starburst, nemelex_dance_club_becter

Skill      XL: |  1  2  3  4  5 |
---------------+----------------+-----
Axes           | 5 6 |  6.3
Fighting       | 4 |  4.8
Conjurations   | 1 |  1.9
Fire Magic     | 2 |  2.2
Spellcasting   | |  1.5

Action                   |  1- 3 |  4- 6 || total
-------------------------+-------+-------++-------
Melee: Hand axe          |   106 |   118 ||   224
  Use: Potion            |       |     2 ||     2
Armor: Robe              |     5 |       ||     5
       Leather armour    |    34 |    27 ||    61
Dodge: Dodged            |    40 |    56 ||    96

Table legend: (Time is in decaauts)
 A = Elapsed time spent in this place.
 B = Non-inter-level travel time spent in this place.
 C = Inter-level travel time spent in this place.
 D = Time resting spent in this place.
 E = Time spent auto-exploring this place.
 F = Levels seen in this place.
 G = Mean time per level.
                   A        B        C        D        E       F      G
               +--------+--------+--------+--------+--------+-----+--------+
         Total |   3906 |   3816 |     90 |    997 |   2112 |   4 |  976.5 |
       Dungeon |   3906 |   3816 |     90 |    997 |   2112 |   4 |  976.5 |
               +--------+--------+--------+--------+--------+-----+--------+

Top non-repeatable levels by time:
     D:2: 1487 daAuts
     D:3: 898 daAuts
     D:4: 857 daAuts
     D:1: 662 daAuts
